AoeStats
← FallingELO

Arabia

510568690Analyzed
1v1 RM · 13h ago on Oct 1, 2026· 50m 36s· 2 players
Game mode
Random Map
Map size
Tiny (2 player)
Population
200
Speed
Normal
Resources
Standard
Victory
Conquest
Starting age
Dark Age
Ending age
Imperial Age
RankedLock teamsTeams togetherTeam positionsShared explorationLock speedFull tech treeHidden civsTurbo modeCheats
Victory
Defeat
🇺🇸 Koreans · United States
880
+15
🇹🇼 Huns · Taiwan
850
-15
ryan761020
7:49 Loom
10:04 Feudal Age
10:41 Double-Bit Axe
10:52 Horse Collar
19:17 Forging
21:02 Gold Mining
24:21 Castle Age
22:34 Fletching
22:59 Stone Mining
23:44 Scale Barding Armor
24:00 Bloodlines
25:18 Husbandry
25:35 Bow Saw
29:27 Wheelbarrow
28:37 Town Watch
32:17 Hand Cart
32:28 Fervor
32:39 Sanctity
34:56 Sanctity
35:56 Thumb Ring
38:24 Heavy Plow
37:57 Pikeman
40:39 Marauders
47:14 Imperial Age
45:03 Devotion
46:32 Atonement
47:28 Chain Barding Armor
47:44 Iron Casting
48:37 Conscription
49:01 Cavalier
51:35 Iron Casting
FallingELO
6:37 Loom
10:25 Feudal Age
10:57 Double-Bit Axe
15:30 Horse Collar
16:09 Scale Barding Armor
16:21 Forging
19:50 Scale Mail Armor
23:47 Wheelbarrow
26:23 Castle Age
25:33 Gold Mining
25:34 Stone Mining
25:57 Arson
26:21 Town Watch
27:11 Husbandry
31:01 Stone Shaft Mining
31:02 Gold Shaft Mining
34:04 Chain Barding Armor
34:19 Iron Casting
34:44 Town Patrol
38:47 Imperial Age
36:26 Fletching
39:53 Bodkin Arrow
41:01 Chemistry
40:36 Bracer
40:58 Ballistics
41:25 Bow Saw
41:17 Heavy Plow
41:28 Light Cavalry
41:40 Cavalier
42:48 Masonry
46:31 Conscription
47:20 Squires
50:22 Chain Mail Armor
Connection lost

Rejoining the realm…

Still unreachable

The connection could not be restored.

Session expired

The server has moved on; the page needs a fresh start.